[ PARTIDA AOE2 · #467013370 ]
UnrankedBúlgaros vs Goths
[ ANÁLISIS DE REPETICIÓN · EXTRAÍDO DE LA PARTIDA GRABADA ]
Feudal
11:38
Castillos
15:36
Imperial
—
| APM promedio | 26.2 |
| APM pico | 48 |
| eAPM promedio | 15.0 |
| Aldeanos / militares | 34 / 3 |
Foco
⚔️ 24.7% · 🌾 75.3%
Fishing Ship ×9 · Knight ×3
Feudal
—
Castillos
—
Imperial
—
| APM promedio | 22.4 |
| APM pico | 65 |
| eAPM promedio | 11.7 |
| Aldeanos / militares | 12 / 0 |
Foco
⚔️ 27.9% · 🌾 72.1%
Feudal
12:23
Castillos
16:21
Imperial
—
| APM promedio | 28.3 |
| APM pico | 52 |
| eAPM promedio | 15.9 |
| Aldeanos / militares | 46 / 0 |
Foco
⚔️ 23.2% · 🌾 76.8%
Fishing Ship ×4
Feudal
—
Castillos
—
Imperial
—
| APM promedio | 44.0 |
| APM pico | 103 |
| eAPM promedio | 26.5 |
| Aldeanos / militares | 26 / 0 |
Foco
⚔️ 75.1% · 🌾 24.9%
Feudal
12:05
Castillos
15:49
Imperial
—
| APM promedio | 33.0 |
| APM pico | 76 |
| eAPM promedio | 10.5 |
| Aldeanos / militares | 34 / 3 |
Foco
⚔️ 16.3% · 🌾 83.7%
Battering Ram ×3
Feudal
—
Castillos
—
Imperial
—
| APM promedio | 0.1 |
| APM pico | 2 |
| eAPM promedio | 0.1 |
| Aldeanos / militares | 0 / 0 |
Feudal
13:38
Castillos
—
Imperial
—
| APM promedio | 30.8 |
| APM pico | 68 |
| eAPM promedio | 19.6 |
| Aldeanos / militares | 47 / 0 |
Foco
⚔️ 37.9% · 🌾 62.1%
Fishing Ship ×6
Feudal
10:18
Castillos
—
Imperial
—
| APM promedio | 29.0 |
| APM pico | 54 |
| eAPM promedio | 8.5 |
| Aldeanos / militares | 31 / 0 |
Foco
⚔️ 28.0% · 🌾 72.0%
Mapa de la partida
Recursos iniciales + cada clic de construcción. Líneas = muros · curvas = relieve. ◆ oro · ⬟ piedra · ● bayas · ✦ reliquia · ◌ hueco del cierre
Tu base· ✓ Cerrada en 15:36 · 0t muro · frágil
Base de GingerSnap57· ✓ Cerrada en 12:00 · 59t muro · frágil
Base de AticAtac· ✓ Cerrada en 16:21 · 33t muro · frágil
Base de RaFa_GoRgOrY· ✓ Cerrada en 12:00 · 15t muro · frágil
Base de DaKrankVieh· ✓ Cerrada en 15:49 · 26t muro · frágil
Base de apNEA· ✓ Cerrada en 12:00 · 0t muro · frágil
Base de Eugenius· ✓ Cerrada en 12:00 · 35t muro · frágil
Base de -从未败过Never defeated· ✓ Cerrada en 12:00 · 0t muro · frágil
Terreno inicial suavizado · ◌ = hueco del cierre detectado · pasá el cursor para detalles
Inputs por minuto
— Wiwu - - GingerSnap57
Build order — Wiwu
81 acciones detectadas en el replay
| 0:00 | Crear | Villager (Male) |
| 0:01 | Crear | Villager (Male) |
| 0:02 | Construir | House |
| 0:04 | Construir | House |
| 0:12 | Crear | Villager (Male) |
| 0:19 | Crear | Villager (Male) |
| 0:19 | Crear | Villager (Male) |
| 1:23 | Construir | Lumber Camp |
| 1:28 | Crear | Villager (Male) |
| 1:55 | Crear | Villager (Male) |
| 2:25 | Crear | Villager (Male) |
| 2:58 | Crear | Villager (Male) |
| 3:15 | Crear | Villager (Male) |
| 3:36 | Construir | Dock |
| 3:47 | Crear | Villager (Male) |
| 3:57 | Construir | House |
| 4:11 | Crear | Villager (Male) |
| 4:43 | Crear | Fishing Ship |
| 4:53 | Crear | Villager (Male) |
| 5:04 | Crear | Villager (Male) |
| 5:09 | Crear | Fishing Ship |
| 5:18 | Construir | House |
| 5:39 | Crear | Villager (Male) |
| 5:39 | Crear | Villager (Male) |
| 5:59 | Crear | Fishing Ship |
| 6:22 | Crear | Villager (Male) |
| 6:25 | Construir | House |
| 6:46 | Crear | Villager (Male) |
| 7:03 | Crear | Villager (Male) |
| 7:07 | Crear | Fishing Ship |
| 7:24 | Crear | Fishing Ship |
| 7:25 | Crear | Fishing Ship |
| 7:38 | Crear | Villager (Male) |
| 7:46 | Construir | House |
| 7:54 | Crear | Villager (Male) |
| 8:08 | Crear | Villager (Male) |
| 8:35 | Construir | Mill |
| 8:38 | Crear | Fishing Ship |
| 8:40 | Crear | Villager (Male) |
| 9:22 | Crear | Fishing Ship |
| 9:26 | Investigar | Feudal Age |
| 9:39 | Crear | Fishing Ship |
| 10:08 | Construir | House |
| 10:35 | Crear | Villager (Male) |
| 10:41 | Crear | Villager (Male) |
| 11:12 | Construir | Mining Camp |
| 11:38 | Edad | Edad Feudal |
| 11:40 | Crear | Villager (Male) |
| 11:53 | Construir | Market |
| 11:58 | Construir | Blacksmith |
| 12:09 | Construir | Fish Trap |
| 12:20 | Crear | Villager (Male) |
| 12:27 | Construir | Fish Trap |
| 12:56 | Investigar | Castle Age |
| 13:01 | Investigar | Double-Bit Axe |
| 13:01 | Investigar | Double-Bit Axe |
| 13:07 | Construir | Fish Trap |
| 13:31 | Construir | Fish Trap |
| 13:51 | Construir | Fish Trap |
| 14:15 | Construir | Fish Trap |
| 14:34 | Construir | Fish Trap |
| 14:59 | Investigar | Tech 906 |
| 15:28 | Construir | Barracks |
| 15:36 | Edad | Edad de los Castillos |
| 15:38 | Crear | Villager (Male) |
| 15:38 | Crear | Villager (Male) |
| 15:54 | Construir | House |
| 15:59 | Construir | Stable |
| 16:03 | Crear | Villager (Male) |
| 16:03 | Crear | Villager (Male) |
| 16:12 | Investigar | Gold Mining |
| 16:12 | Investigar | Gold Mining |
| 16:14 | Investigar | Forging |
| 16:24 | Construir | Mining Camp |
| 16:35 | Crear | Villager (Male) |
| 16:44 | Crear | Knight |
| 16:47 | Crear | Villager (Male) |
| 16:50 | Investigar | Husbandry |
| 17:19 | Crear | Knight |
| 17:22 | Crear | Villager (Male) |
| 17:25 | Crear | Knight |
Build order — GingerSnap57
27 acciones detectadas en el replay
| 0:01 | Investigar | Loom |
| 0:01 | Crear | Villager (Male) |
| 0:02 | Crear | Villager (Male) |
| 0:02 | Crear | Villager (Male) |
| 0:03 | Construir | House |
| 0:05 | Construir | House |
| 0:26 | Crear | Villager (Male) |
| 0:49 | Construir | Palisade Wall |
| 1:49 | Construir | Palisade Wall |
| 1:56 | Construir | Palisade Wall |
| 2:14 | Crear | Villager (Male) |
| 2:57 | Crear | Villager (Male) |
| 2:57 | Crear | Villager (Male) |
| 3:15 | Construir | Palisade Wall |
| 4:18 | Construir | Palisade Wall |
| 4:20 | Construir | Palisade Wall |
| 5:29 | Crear | Villager (Male) |
| 5:39 | Construir | Palisade Wall |
| 5:52 | Construir | Palisade Wall |
| 6:45 | Crear | Villager (Male) |
| 7:53 | Crear | Villager (Male) |
| 8:01 | Construir | Palisade Wall |
| 8:10 | Construir | Palisade Wall |
| 8:47 | Crear | Villager (Male) |
| 9:20 | Construir | Palisade Wall |
| 9:21 | Construir | Palisade Wall |
| 9:57 | Crear | Villager (Male) |
Build order — AticAtac
77 acciones detectadas en el replay
| 0:01 | Crear | Villager (Male) |
| 0:01 | Crear | Villager (Male) |
| 0:03 | Construir | House |
| 0:04 | Construir | House |
| 0:19 | Crear | Villager (Male) |
| 0:20 | Crear | Villager (Male) |
| 0:20 | Crear | Villager (Male) |
| 1:25 | Crear | Villager (Male) |
| 1:25 | Crear | Villager (Male) |
| 1:49 | Crear | Villager (Male) |
| 1:56 | Construir | Lumber Camp |
| 2:30 | Crear | Villager (Male) |
| 2:30 | Crear | Villager (Male) |
| 2:48 | Crear | Villager (Male) |
| 2:48 | Crear | Villager (Male) |
| 2:57 | Crear | Villager (Male) |
| 2:58 | Crear | Villager (Male) |
| 3:08 | Construir | House |
| 3:42 | Crear | Villager (Male) |
| 3:42 | Crear | Villager (Male) |
| 4:11 | Crear | Villager (Male) |
| 4:12 | Crear | Villager (Male) |
| 4:31 | Construir | Dock |
| 4:40 | Crear | Villager (Male) |
| 4:40 | Crear | Villager (Male) |
| 5:01 | Crear | Villager (Male) |
| 5:02 | Crear | Villager (Male) |
| 5:12 | Construir | House |
| 5:14 | Crear | Fishing Ship |
| 5:18 | Construir | House |
| 5:41 | Crear | Villager (Male) |
| 5:42 | Crear | Villager (Male) |
| 5:53 | Crear | Fishing Ship |
| 6:13 | Crear | Villager (Male) |
| 6:13 | Crear | Villager (Male) |
| 6:33 | Crear | Fishing Ship |
| 6:49 | Construir | Mill |
| 6:50 | Crear | Villager (Male) |
| 6:50 | Crear | Villager (Male) |
| 6:51 | Crear | Villager (Male) |
| 7:25 | Crear | Fishing Ship |
| 7:32 | Construir | House |
| 7:34 | Crear | Villager (Male) |
| 8:02 | Construir | Palisade Wall |
| 8:04 | Construir | Palisade Wall |
| 8:08 | Crear | Villager (Male) |
| 8:08 | Crear | Villager (Male) |
| 8:27 | Construir | Palisade Wall |
| 8:29 | Crear | Villager (Male) ×5 |
| 8:30 | Crear | Villager (Male) |
| 8:34 | Crear | Villager (Male) |
| 8:34 | Crear | Villager (Male) |
| 8:46 | Crear | Villager (Male) |
| 9:28 | Crear | Villager (Male) |
| 9:45 | Construir | Palisade Wall |
| 9:57 | Investigar | Feudal Age |
| 10:00 | Crear | Villager (Male) |
| 10:00 | Crear | Villager (Male) |
| 10:11 | Construir | Palisade Wall |
| 10:35 | Crear | Villager (Male) |
| 10:42 | Construir | Mining Camp |
| 11:28 | Investigar | Double-Bit Axe |
| 11:44 | Investigar | Horse Collar |
| 12:23 | Edad | Edad Feudal |
| 12:30 | Construir | Market |
| 13:02 | Construir | Blacksmith |
| 13:16 | Crear | Villager (Male) |
| 13:27 | Construir | House |
| 13:28 | Construir | House |
| 13:35 | Investigar | Castle Age |
| 13:35 | Investigar | Castle Age |
| 13:49 | Investigar | Bow Saw |
| 14:24 | Construir | Lumber Camp |
| 14:58 | Construir | Fish Trap |
| 15:12 | Construir | Fish Trap |
| 15:17 | Construir | Fish Trap |
| 16:21 | Edad | Edad de los Castillos |
Build order — RaFa_GoRgOrY
41 acciones detectadas en el replay
| 0:01 | Crear | Villager (Male) |
| 0:01 | Crear | Villager (Male) |
| 0:02 | Construir | House |
| 0:03 | Construir | House |
| 0:07 | Crear | Villager (Male) |
| 0:07 | Crear | Villager (Male) |
| 0:08 | Crear | Villager (Male) |
| 0:44 | Investigar | Loom |
| 0:50 | Crear | Villager (Male) |
| 1:02 | Investigar | Loom |
| 1:02 | Investigar | Loom |
| 1:29 | Construir | Palisade Wall |
| 1:30 | Construir | Palisade Wall |
| 1:31 | Crear | Villager (Male) |
| 1:39 | Crear | Villager (Male) |
| 1:39 | Crear | Villager (Male) |
| 2:14 | Crear | Villager (Male) |
| 2:15 | Crear | Villager (Male) |
| 2:36 | Construir | Palisade Wall |
| 2:45 | Construir | Palisade Wall |
| 2:48 | Crear | Villager (Male) |
| 2:49 | Crear | Villager (Male) |
| 3:24 | Crear | Villager (Male) |
| 3:24 | Crear | Villager (Male) |
| 3:56 | Crear | Villager (Male) |
| 4:04 | Crear | Villager (Male) |
| 4:08 | Construir | House |
| 4:23 | Crear | Villager (Male) |
| 4:23 | Crear | Villager (Male) |
| 4:23 | Crear | Villager (Male) |
| 5:47 | Crear | Villager (Male) |
| 6:06 | Crear | Villager (Male) |
| 6:41 | Crear | Villager (Male) |
| 6:59 | Construir | Mining Camp |
| 7:04 | Crear | Villager (Male) |
| 7:33 | Crear | Villager (Male) |
| 8:18 | Construir | Lumber Camp |
| 8:32 | Construir | House |
| 8:52 | Investigar | Feudal Age |
| 8:52 | Investigar | Feudal Age |
| 9:22 | Crear | Villager (Male) |
Build order — DaKrankVieh
61 acciones detectadas en el replay
| 0:02 | Crear | Villager (Male) |
| 0:02 | Crear | Villager (Male) |
| 0:03 | Construir | House |
| 0:04 | Construir | House |
| 0:40 | Crear | Villager (Male) |
| 0:40 | Crear | Villager (Male) |
| 1:02 | Investigar | Loom |
| 1:21 | Crear | Villager (Male) |
| 1:21 | Crear | Villager (Male) |
| 1:22 | Crear | Villager (Male) |
| 1:39 | Construir | Palisade Wall |
| 1:45 | Crear | Villager (Male) |
| 1:45 | Crear | Villager (Male) |
| 2:15 | Crear | Villager (Male) |
| 2:16 | Crear | Villager (Male) |
| 2:56 | Construir | Palisade Wall |
| 2:57 | Crear | Villager (Male) |
| 2:57 | Crear | Villager (Male) |
| 3:04 | Construir | Lumber Camp |
| 4:02 | Crear | Villager (Male) |
| 4:02 | Crear | Villager (Male) |
| 4:25 | Construir | Palisade Wall |
| 4:40 | Construir | House |
| 5:20 | Crear | Villager (Male) |
| 5:21 | Crear | Villager (Male) |
| 5:21 | Crear | Villager (Male) |
| 5:42 | Construir | House |
| 5:48 | Crear | Villager (Male) |
| 5:48 | Crear | Villager (Male) |
| 6:19 | Crear | Villager (Male) |
| 6:20 | Crear | Villager (Male) |
| 6:20 | Crear | Villager (Male) |
| 6:25 | Construir | Mill |
| 7:10 | Crear | Villager (Male) |
| 7:10 | Crear | Villager (Male) |
| 7:35 | Crear | Villager (Male) |
| 7:45 | Crear | Villager (Male) |
| 7:45 | Crear | Villager (Male) |
| 8:21 | Crear | Villager (Male) |
| 9:06 | Crear | Villager (Male) |
| 9:09 | Construir | Mining Camp |
| 9:48 | Investigar | Feudal Age |
| 11:16 | Construir | House |
| 12:05 | Edad | Edad Feudal |
| 12:07 | Construir | Market |
| 12:10 | Construir | Blacksmith |
| 12:13 | Crear | Villager (Male) |
| 12:13 | Crear | Villager (Male) |
| 12:56 | Construir | Mill |
| 13:09 | Investigar | Castle Age |
| 13:09 | Investigar | Castle Age |
| 13:31 | Investigar | Double-Bit Axe |
| 15:49 | Edad | Edad de los Castillos |
| 15:52 | Construir | Siege Workshop |
| 16:16 | Crear | Battering Ram |
| 16:43 | Crear | Battering Ram |
| 16:44 | Crear | Villager (Male) |
| 16:44 | Crear | Villager (Male) |
| 16:57 | Crear | Battering Ram |
| 17:26 | Construir | House |
| 17:27 | Construir | House |
Build order — apNEA
0 acciones detectadas en el replay
Build order — Eugenius
82 acciones detectadas en el replay
| 0:01 | Crear | Villager (Male) |
| 0:01 | Crear | Villager (Male) |
| 0:01 | Crear | Villager (Male) |
| 0:02 | Construir | House |
| 0:04 | Construir | House |
| 0:21 | Investigar | Loom |
| 0:27 | Crear | Villager (Male) |
| 0:28 | Crear | Villager (Male) |
| 0:28 | Crear | Villager (Male) |
| 2:44 | Construir | Palisade Wall |
| 2:47 | Construir | Palisade Gate |
| 2:54 | Crear | Villager (Male) |
| 2:54 | Crear | Villager (Male) |
| 3:29 | Crear | Villager (Male) |
| 3:29 | Crear | Villager (Male) |
| 3:29 | Crear | Villager (Male) |
| 3:48 | Construir | Palisade Wall |
| 3:51 | Construir | Palisade Wall |
| 3:53 | Construir | Palisade Wall |
| 4:15 | Crear | Villager (Male) |
| 4:15 | Crear | Villager (Male) |
| 4:18 | Construir | Palisade Wall |
| 4:56 | Crear | Villager (Male) |
| 4:56 | Crear | Villager (Male) |
| 4:57 | Crear | Villager (Male) |
| 5:18 | Construir | Palisade Wall |
| 5:32 | Crear | Villager (Male) |
| 5:32 | Crear | Villager (Male) |
| 5:49 | Crear | Villager (Male) |
| 6:09 | Crear | Villager (Male) |
| 6:09 | Crear | Villager (Male) |
| 6:36 | Crear | Villager (Male) |
| 6:36 | Crear | Villager (Male) |
| 6:36 | Crear | Villager (Male) |
| 6:54 | Crear | Villager (Male) |
| 7:28 | Construir | Palisade Wall |
| 7:35 | Construir | Palisade Wall |
| 7:37 | Construir | Lumber Camp |
| 7:38 | Crear | Villager (Male) |
| 7:38 | Crear | Villager (Male) |
| 7:46 | Construir | House |
| 8:08 | Crear | Villager (Male) |
| 8:08 | Crear | Villager (Male) |
| 8:08 | Crear | Villager (Male) |
| 8:20 | Construir | House |
| 8:23 | Crear | Villager (Male) |
| 8:23 | Crear | Villager (Male) |
| 8:38 | Crear | Villager (Male) |
| 8:38 | Crear | Villager (Male) |
| 8:39 | Crear | Villager (Male) |
| 9:04 | Construir | Mill |
| 9:22 | Crear | Villager (Male) |
| 9:22 | Crear | Villager (Male) |
| 9:22 | Crear | Villager (Male) |
| 9:55 | Crear | Villager (Male) |
| 10:40 | Crear | Villager (Male) |
| 11:03 | Construir | Lumber Camp |
| 11:23 | Investigar | Feudal Age |
| 11:23 | Investigar | Feudal Age |
| 11:35 | Construir | Dock |
| 11:50 | Crear | Villager (Male) |
| 12:22 | Crear | Fishing Ship |
| 12:24 | Crear | Fishing Ship |
| 12:26 | Construir | House |
| 12:34 | Construir | Mill |
| 13:17 | Construir | House |
| 13:18 | Construir | House |
| 13:19 | Construir | House |
| 13:26 | Construir | Mining Camp |
| 13:38 | Edad | Edad Feudal |
| 13:43 | Investigar | Double-Bit Axe |
| 13:43 | Investigar | Horse Collar |
| 13:45 | Crear | Fishing Ship |
| 13:50 | Crear | Villager (Male) |
| 13:50 | Crear | Villager (Male) |
| 13:50 | Crear | Villager (Male) |
| 13:50 | Crear | Villager (Male) |
| 13:50 | Crear | Villager (Male) |
| 14:35 | Crear | Fishing Ship |
| 14:35 | Crear | Fishing Ship |
| 14:36 | Crear | Fishing Ship |
| 14:39 | Crear | Villager (Male) |
Build order — -从未败过Never defeated
40 acciones detectadas en el replay
| 0:02 | Crear | Villager (Male) |
| 0:02 | Crear | Villager (Male) |
| 0:03 | Crear | Villager (Male) |
| 0:04 | Construir | House |
| 0:05 | Construir | House |
| 0:27 | Crear | Villager (Male) |
| 0:27 | Crear | Villager (Male) |
| 1:43 | Crear | Villager (Male) |
| 1:43 | Crear | Villager (Male) |
| 2:10 | Crear | Villager (Male) |
| 2:11 | Crear | Villager (Male) |
| 2:43 | Crear | Villager (Male) |
| 2:43 | Crear | Villager (Male) |
| 2:43 | Crear | Villager (Male) |
| 3:21 | Crear | Villager (Male) |
| 3:21 | Crear | Villager (Male) |
| 3:50 | Crear | Villager (Male) |
| 3:51 | Crear | Villager (Male) |
| 3:51 | Crear | Villager (Male) |
| 4:28 | Crear | Villager (Male) |
| 4:29 | Crear | Villager (Male) |
| 4:56 | Crear | Villager (Male) |
| 4:56 | Crear | Villager (Male) |
| 4:57 | Crear | Villager (Male) |
| 4:59 | Crear | Villager (Male) |
| 5:00 | Crear | Villager (Male) |
| 5:25 | Construir | Settlement |
| 5:30 | Crear | Villager (Male) |
| 5:30 | Crear | Villager (Male) |
| 6:29 | Crear | Villager (Male) |
| 6:29 | Crear | Villager (Male) |
| 7:49 | Construir | Settlement |
| 8:05 | Investigar | Feudal Age |
| 8:05 | Investigar | Feudal Age |
| 10:15 | Crear | Villager (Male) |
| 10:15 | Crear | Villager (Male) |
| 10:18 | Edad | Edad Feudal |
| 10:19 | Construir | Market |
| 10:50 | Crear | Villager (Male) |
| 11:02 | Investigar | Double-Bit Axe |
Cronología de la partida
| 0:49 | GingerSnap57 · wall_segment Palisade Wall x17 |
| 1:29 | RaFa_GoRgOrY · wall_segment Palisade Wall x4 |
| 1:30 | RaFa_GoRgOrY · wall_segment Palisade Wall x1 |
| 1:39 | DaKrankVieh · wall_segment Palisade Wall x10 |
| 1:49 | GingerSnap57 · wall_segment Palisade Wall x3 |
| 1:56 | GingerSnap57 · wall_segment Palisade Wall x1 |
| 2:36 | RaFa_GoRgOrY · wall_segment Palisade Wall x1 |
| 2:44 | Eugenius · wall_segment Palisade Wall x1 |
| 2:45 | RaFa_GoRgOrY · wall_segment Palisade Wall x9 |
| 2:56 | DaKrankVieh · wall_segment Palisade Wall x9 |
| 3:15 | GingerSnap57 · wall_segment Palisade Wall x3 |
| 3:36 | Wiwu · first_building Dock |
| 3:48 | Eugenius · wall_segment Palisade Wall x1 |
| 3:51 | Eugenius · wall_segment Palisade Wall x1 |
| 3:53 | Eugenius · wall_segment Palisade Wall x1 |
| 4:18 | GingerSnap57 · wall_segment Palisade Wall x1 |
| 4:18 | Eugenius · wall_segment Palisade Wall x1 |
| 4:20 | GingerSnap57 · wall_segment Palisade Wall x1 |
| 4:25 | DaKrankVieh · wall_segment Palisade Wall x7 |
| 4:31 | AticAtac · first_building Dock |
| 5:18 | Eugenius · wall_segment Palisade Wall x29 |
| 5:39 | GingerSnap57 · wall_segment Palisade Wall x14 |
| 5:52 | GingerSnap57 · wall_segment Palisade Wall x1 |
| 7:28 | Eugenius · wall_segment Palisade Wall x1 |
| 7:35 | Eugenius · wall_segment Palisade Wall x1 |
| 8:01 | GingerSnap57 · wall_segment Palisade Wall x1 |
| 8:02 | AticAtac · wall_segment Palisade Wall x10 |
| 8:04 | AticAtac · wall_segment Palisade Wall x4 |
| 8:10 | GingerSnap57 · wall_segment Palisade Wall x17 |
| 8:27 | AticAtac · wall_segment Palisade Wall x10 |
| 9:20 | GingerSnap57 · wall_segment Palisade Wall x1 |
| 9:21 | GingerSnap57 · wall_segment Palisade Wall x1 |
| 9:45 | AticAtac · wall_segment Palisade Wall x1 |
| 10:11 | AticAtac · wall_segment Palisade Wall x9 |
| 10:18 | -从未败过Never defeated · age_up feudal |
| 10:19 | GingerSnap57 · resign |
| 11:35 | Eugenius · first_building Dock |
| 11:38 | Wiwu · age_up feudal |
| 12:05 | DaKrankVieh · age_up feudal |
| 12:23 | AticAtac · age_up feudal |
| 12:55 | Wiwu · first_market_sell 100 stone |
| 13:38 | Eugenius · age_up feudal |
| 15:28 | Wiwu · first_building Barracks |
| 15:36 | Wiwu · age_up castle |
| 15:49 | DaKrankVieh · age_up castle |
| 15:52 | DaKrankVieh · first_building Siege Workshop |
| 15:59 | Wiwu · first_building Stable |
| 16:21 | AticAtac · age_up castle |
[ ANÁLISIS IA · 1 CRÉDITO ]
¿Qué pasó realmente en esta partida?
Wolo.gg analiza cada decisión: build order, eco, micro, errores típicos por bracket. Análisis personalizado por WhatsApp o Discord en 30 segundos.
Guía civ
Búlgaros
Perfil
Jugador #22489130